 Dungeon Crawl Stone Soup version 0.22-a0-469-gf26638a (webtiles) character file.

4618 opiumtea the Thaumaturge (level 10, -2/74 HPs)
             Began as a Gnoll Wizard on June 11, 2018.
             Was an Initiate of Ashenzari.
             Slain by an orc warrior
             ... wielding a +4 hand axe of chopping
              (10 damage)
             ... on level 8 of the Dungeon on June 12, 2018.
             The game lasted 01:11:50 (12311 turns).

opiumtea the Thaumaturge (Gnoll Wizard)            Turns: 12311, Time: 01:11:51

Health: -2/74      AC:  7    Str: 14    XL:     10   Next: 42%
Magic:  6/22       EV: 16    Int: 24    God:    Ashenzari [......]
Gold:   466        SH:  0    Dex: 14    Spells: 13/26 levels left

rFire    . . .     SeeInvis .   C - +0 trident
rCold    . . .     Gourm    .   (no shield)
rNeg     . . .     Faith    +   o - +0 robe
rPois    .         Spirit   .   z - +1 hat
rElec    .         Reflect  .   (no cloak)
rCorr    .         Harm     .   F - +0 pair of gloves (curse)
MR       .....                  (no boots)
Stlth    +++.......             v - amulet of faith (curse)
HPRegen  0.22/turn              p - +3 ring of protection
MPRegen  0.18/turn              B - +5 ring of strength (curse)

@: no status effects
A: distributed training, fangs 1, strong nose
a: Curse Item, Renounce Religion


You were on level 8 of the Dungeon.
You worshipped Ashenzari.
Ashenzari was noncommittal.
You were not hungry.

You visited 2 branches of the dungeon, and saw 9 of its levels.

You collected 466 gold pieces.

Inventory:

Hand Weapons
 a - a +1 mace of protection
 b - a +0 hunting sling
 C - a +0 trident (weapon)
Missiles
 x - 15 sling bullets
 y - 94 stones (quivered)
Armour
 o - a +0 robe (worn)
 w - a +0 scale mail
 z - a +1 hat (worn)
 E - a +0 ring mail
 F - a cursed +0 pair of gloves (worn)
Jewellery
 p - a +3 ring of protection (left hand)
 s - an uncursed ring of see invisible
 v - a cursed amulet of faith (around neck)
 B - a cursed +5 ring of strength (right hand)
Wands
 c - a wand of digging (8)
 i - a wand of flame (14)
 u - a wand of disintegration (14)
 A - a wand of random effects (75)
Scrolls
 e - a scroll of amnesia
 g - 2 scrolls of remove curse
 h - 2 scrolls of enchant armour
 l - 3 scrolls of teleportation
Potions
 f - 4 potions of resistance
 j - a potion of mutation
 k - 2 potions of flight {unknown}
 m - a potion of haste
 n - a potion of heal wounds {unknown}
 q - 3 potions of lignification {unknown}
 r - a potion of agility {unknown}
 t - 4 potions of curing {unknown}
 D - 2 potions of brilliance {unknown}
Comestibles
 d - 10 rations
 G - a chunk of flesh


   Skills:
 + Level 5.2 Fighting
 + Level 5.2 Short Blades
 + Level 5.2 Long Blades
 + Level 5.2 Axes
 + Level 5.2 Maces & Flails
 + Level 5.2 Polearms
 + Level 5.2 Staves
 + Level 5.2 Slings
 + Level 5.2 Bows
 + Level 5.2 Crossbows
 + Level 5.2 Throwing
 + Level 5.2 Armour
 + Level 7.0 Dodging
 + Level 6.7 Stealth
 + Level 5.2 Shields
 + Level 5.2 Unarmed Combat
 + Level 8.9 Spellcasting
 + Level 4.8 Conjurations
 + Level 4.2 Hexes
 + Level 4.2 Charms
 + Level 4.8 Summonings
 + Level 4.2 Necromancy
 + Level 4.8 Translocations
 + Level 4.2 Transmutations
 + Level 4.2 Fire Magic
 + Level 4.2 Ice Magic
 + Level 4.2 Air Magic
 + Level 4.2 Earth Magic
 + Level 4.2 Poison Magic
 + Level 5.7 Invocations
 + Level 5.2 Evocations


You had 13 spell levels left.
You knew the following spells:

 Your Spells              Type           Power        Failure   Level  Hunger
a - Magic Dart            Conj           ####         1%          1    None
b - Blink                 Tloc           N/A          1%          2    None
c - Conjure Flame         Conj/Fire      ####....     2%          3    None
d - Slow                  Hex            ####....     1%          2    None
e - Call Imp              Summ           ####....     1%          2    None
f - Mephitic Cloud        Conj/Pois/Air  ####....     2%          3    None

Your spell library contained the following spells:

 Spells                   Type           Power        Failure   Level  Hunger


Dungeon Overview and Level Annotations

Branches:
Dungeon (8/15)             Temple (1/1) D:5
   Lair: D:8-11

Altars:
Ashenzari
Dithmenos
Elyvilon
Kikubaaqudgha
Nemelex Xobeh
Okawaru
Qazlal
Trog
Uskayaw
Vehumet
Xom
Zin
The Shining One

Shops:
D:5 %

Annotations:
D:4 Menkaure


Innate Abilities, Weirdness & Mutations

Your experience applies equally to all skills.
You have very sharp teeth.
Your uncanny sense of smell can sniff out nearby items.


Message History

You see here a bullfrog corpse.
The orc priest calls upon Beogh to heal the orc warrior.
The orc warrior is healed somewhat.
Things that are here:
an uncursed giant club; an uncursed giant spiked club a two-headed ogre skeleton
As you read the scroll of teleportation, it crumbles to dust.
You feel strangely unstable. The orc hits you with a flail.
* * * LOW HITPOINT WARNING * * *
The orc warrior barely misses you.
Your surroundings suddenly seem different.
An orc wizard comes into view. It is wielding a dagger.
The orc wizard shouts!
An orc warrior comes into view.
Ashenzari warns you: It is wielding a hand axe of chopping.
The orc warrior shouts!
The orc wizard completely misses you.
An orc comes into view. It is wielding a flail.
The orc warrior hits you with a hand axe of chopping!
You die...

# # #### #...
####...
.......
.......
#.##########.
###....
#.ooo@o...[..
##...
#############
#... ####


You could see an orc warrior, 2 orc wizards and an orc (wandering).

Vanquished Creatures
  A two-headed ogre (D:8)
  The ghost of MisterFreud the Slicer, a novice KoAr of Xom (D:6)
  Grinder (D:6)
  Prince Ribbit (D:8)
  A hippogriff (D:8)
  The ghost of Avalon the Grave Robber, an amateur GnNe (D:3)
  5 ogres
  An orc warrior (D:7)
  4 ice beasts
  2 sky beasts (D:7)
  2 phantoms
  2 bullfrogs (D:8)
  4 scorpions
  4 killer bees (D:7)
  5 howler monkeys
  2 crimson imps
  A bullfrog zombie (D:5)
  A quasit (D:8)
  A centaur zombie (D:7)
  3 orc priests
  A bullfrog skeleton (D:7)
  2 jellies
  2 hounds
  A centaur skeleton (D:6)
  3 orc wizards (D:7)
  3 iguanas
  4 worker ants
  A hound skeleton (D:4)
  7 adders
  2 howler monkey skeletons
  A shadow imp (D:5)
  4 oozes
  A worm (D:2)
  3 dart slugs
  2 leopard geckos
  13 orcs
  8 giant cockroaches
  7 goblins
  3 hobgoblins
  3 jackals (D:1)
  2 kobolds
  3 quokkas
  2 ball pythons
  9 bats
  6 frilled lizards
  2 leopard gecko skeletons
  8 rats
146 creatures vanquished.

Vanquished Creatures (collateral kills)
  An orc warrior (D:7)
  A black bear (D:7)
  A bullfrog (D:8)
  A wyvern zombie (D:7)
  A wyvern skeleton (D:7)
  A howler monkey (D:6)
  A worker ant (D:6)
  4 orcs
11 creatures vanquished.

Grand Total: 157 creatures vanquished

Notes
Turn   | Place    | Note
-------+----------+-------------------------------------------
     0 | D:1      | opiumtea the Gnoll Wizard began the quest for the Orb.
     0 | D:1      | Reached XP level 1. HP: 13/13 MP: 8/8
    97 | D:1      | Reached XP level 2. HP: 19/19 MP: 6/10
   163 | D:1      | Learned a level 2 spell: Blink
   450 | D:1      | Reached XP level 3. HP: 25/25 MP: 7/11
   808 | D:1      | Learned a level 3 spell: Conjure Flame
  1074 | D:2      | Reached skill level 1 in Invocations
  1362 | D:2      | Reached skill level 1 in Fighting
  1362 | D:2      | Reached skill level 1 in Short Blades
  1362 | D:2      | Reached skill level 1 in Long Blades
  1362 | D:2      | Reached skill level 1 in Axes
  1362 | D:2      | Reached skill level 1 in Maces & Flails
  1362 | D:2      | Reached skill level 1 in Polearms
  1362 | D:2      | Reached skill level 1 in Staves
  1362 | D:2      | Reached skill level 1 in Slings
  1362 | D:2      | Reached skill level 1 in Bows
  1362 | D:2      | Reached skill level 1 in Crossbows
  1362 | D:2      | Reached skill level 1 in Throwing
  1362 | D:2      | Reached skill level 1 in Armour
  1362 | D:2      | Reached skill level 1 in Shields
  1362 | D:2      | Reached skill level 1 in Unarmed Combat
  1362 | D:2      | Reached skill level 1 in Evocations
  1592 | D:2      | Learned a level 2 spell: Slow
  1674 | D:2      | Reached XP level 4. HP: 27/32 MP: 0/13
  1941 | D:3      | Reached skill level 1 in Hexes
  1941 | D:3      | Reached skill level 1 in Charms
  1941 | D:3      | Reached skill level 1 in Necromancy
  1941 | D:3      | Reached skill level 1 in Transmutations
  1941 | D:3      | Reached skill level 1 in Fire Magic
  1941 | D:3      | Reached skill level 1 in Ice Magic
  1941 | D:3      | Reached skill level 1 in Air Magic
  1941 | D:3      | Reached skill level 1 in Earth Magic
  1941 | D:3      | Reached skill level 1 in Poison Magic
  2060 | D:3      | Reached XP level 5. HP: 37/37 MP: 9/14
  2721 | D:3      | Noticed Avalon's ghost (amateur GnNe)
  3349 | D:4      | Learned a level 3 spell: Mephitic Cloud
  3352 | D:4      | Learned a level 2 spell: Call Imp
  3926 | D:4      | Reached XP level 6. HP: 44/44 MP: 5/16
  4156 | D:4      | Noticed Menkaure
  4446 | D:4      | Reached skill level 5 in Dodging
  4549 | D:4      | Noticed a phantom
  4585 | D:4      | Killed a phantom
  5105 | D:4      | Reached XP level 7. HP: 50/50 MP: 10/18
  5270 | D:5      | Entered Level 5 of the Dungeon
  5691 | D:5      | Found Piuvukace's Food Shoppe.
  5720 | D:5      | Reached skill level 5 in Stealth
  5762 | D:5      | Found a bloodstained altar of Trog.
  6402 | D:5      | Reached XP level 8. HP: 48/57 MP: 0/19
  6862 | D:5      | Found a staircase to the Ecumenical Temple.
  6892 | Temple   | Entered the Ecumenical Temple
  6960 | Temple   | Became a worshipper of Ashenzari the Shackled
  7524 | D:6      | Noticed MisterFreud's ghost (novice KoAr)
  7786 | D:6      | Noticed Grinder
  7860 | D:6      | Killed Grinder
  7860 | D:6      | Reached skill level 8 in Spellcasting
  7997 | D:6      | Killed MisterFreud's ghost
  7997 | D:6      | Reached XP level 9. HP: 65/65 MP: 4/21
  8213 | D:3      | Killed Avalon's ghost
 10692 | D:7      | Reached skill level 5 in Invocations
 11441 | D:7      | Reached XP level 10. HP: 57/73 MP: 1/22
 11559 | D:7      | Found an iron altar of Okawaru.
 11559 | D:7      | Found a sparkling altar of Nemelex Xobeh.
 11559 | D:7      | Found a glowing golden altar of the Shining One.
 11559 | D:7      | Found a hide-covered altar of Uskayaw.
 11566 | D:7      | Found a stormy altar of Qazlal.
 11568 | D:7      | Found a white marble altar of Elyvilon.
 11666 | D:8      | Noticed Prince Ribbit
 11679 | D:8      | Killed Prince Ribbit
 12087 | D:8      | Noticed a two-headed ogre
 12107 | D:8      | Killed a two-headed ogre
 12107 | D:8      | Reached skill level 5 in Fighting
 12107 | D:8      | Reached skill level 5 in Short Blades
 12107 | D:8      | Reached skill level 5 in Long Blades
 12107 | D:8      | Reached skill level 5 in Axes
 12107 | D:8      | Reached skill level 5 in Maces & Flails
 12107 | D:8      | Reached skill level 5 in Polearms
 12107 | D:8      | Reached skill level 5 in Staves
 12107 | D:8      | Reached skill level 5 in Slings
 12107 | D:8      | Reached skill level 5 in Bows
 12107 | D:8      | Reached skill level 5 in Crossbows
 12107 | D:8      | Reached skill level 5 in Throwing
 12107 | D:8      | Reached skill level 5 in Armour
 12107 | D:8      | Reached skill level 5 in Shields
 12107 | D:8      | Reached skill level 5 in Unarmed Combat
 12107 | D:8      | Reached skill level 5 in Evocations
 12311 | D:8      | Slain by an orc warrior

Vault maps used:
D:1:      giann_forest_graveyard
D:3:      doesnt_xom_only_xom
D:4:      st_stairs_7, uniq_menkaure
D:5:      minmay_temple_entry_fiery, first_ration, serial_shops,
          kennysheep_mini, bloody_trog
D:6:      kennysheep_generic_room_9, uniq_grinder
D:7:      minmay_overflow_temple_hex
D:8:      uniq_pikel, uniq_prince_ribbit1
Temple:   eino_temple_rhombus

Skill      XL: |  1  2  3  4  5  6  7  8  9 10 |
---------------+-------------------------------+-----
Conjurations   | 2 3 4 |  4.8
Summonings     | 2 3 4 |  4.8
Translocations | 2 3 4 |  4.8
Invocations    | 1 2 3 4 5 |  5.7
Fighting       | 1 2 3 4 5 |  5.2
Short Blades   | 1 2 3 4 5 |  5.2
Long Blades    | 1 2 3 4 5 |  5.2
Axes           | 1 2 3 4 5 |  5.2
Maces & Flails | 1 2 3 4 5 |  5.2
Polearms       | 1 2 3 4 5 |  5.2
Staves         | 1 2 3 4 5 |  5.2
Slings         | 1 2 3 4 5 |  5.2
Bows           | 1 2 3 4 5 |  5.2
Crossbows      | 1 2 3 4 5 |  5.2
Throwing       | 1 2 3 4 5 |  5.2
Armour         | 1 2 3 4 5 |  5.2
Shields        | 1 2 3 4 5 |  5.2
Unarmed Combat | 1 2 3 4 5 |  5.2
Evocations     | 1 2 3 4 5 |  5.2
Hexes          | 1 2 3 4 |  4.2
Charms         | 1 2 3 4 |  4.2
Necromancy     | 1 2 3 4 |  4.2
Transmutations | 1 2 3 4 |  4.2
Fire Magic     | 1 2 3 4 |  4.2
Ice Magic      | 1 2 3 4 |  4.2
Air Magic      | 1 2 3 4 |  4.2
Earth Magic    | 1 2 3 4 |  4.2
Poison Magic   | 1 2 3 4 |  4.2
Dodging        | 5 6 7 |  7.0
Stealth        | 5 6 |  6.7
Spellcasting   | 8 |  8.9

Action                   |  1- 3 |  4- 6 |  7- 9 | 10-12 || total
-------------------------+-------+-------+-------+-------++-------
Melee: Mace              |       |    13 |     6 |    12 ||    31
       Bite              |       |     2 |     2 |     2 ||     6
       Trident           |       |       |       |     7 ||     7
       Punch             |       |       |       |     1 ||     1
 Cast: Magic Dart        |    82 |   180 |   338 |    52 ||   652
       Blink             |     2 |       |     8 |     3 ||    13
       Slow              |     1 |    11 |     7 |       ||    19
       Conjure Flame     |       |    10 |    32 |     6 ||    48
       Call Imp          |       |     1 |    29 |     8 ||    38
       Mephitic Cloud    |       |       |     4 |     1 ||     5
Invok: Curse Item        |       |       |     3 |       ||     3
Evoke: Wand              |       |     1 |    11 |       ||    12
  Use: Scroll            |     5 |     6 |     4 |     2 ||    17
       Potion            |       |       |     1 |       ||     1
  Eat: Chunk             |     2 |     7 |     5 |     3 ||    17
       Ration            |       |     1 |     4 |       ||     5
Armor: Robe              |       |     9 |    18 |    17 ||    44
Dodge: Dodged            |     8 |    50 |    62 |    63 ||   183

Table legend:
 A = Spawn XP
 B = Non-spawn XP
 C = Spawn XP percentage of total XP
 D = Spawn monster count
 E = Non-spawn monster count
 F = Spawn count percentage of total count
 G = Total turns spent on level
                    A         B        C        D         E        F      G
               +---------+---------+-------+---------+---------+-------+---------
         Total |       0 |    6598 |   0.0 |       0 |     157 |   0.0 | 12311
               +---------+---------+-------+---------+---------+-------+---------
           D:1 |       0 |      47 |   0.0 |       0 |      26 |   0.0 |   922
           D:2 |       0 |      80 |   0.0 |       0 |      14 |   0.0 |  1436
           D:3 |       0 |     310 |   0.0 |       0 |      21 |   0.0 |  1237
           D:4 |       0 |     405 |   0.0 |       0 |      16 |   0.0 |  2579
           D:5 |       0 |     894 |   0.0 |       0 |      17 |   0.0 |  2306
           D:6 |       0 |    1189 |   0.0 |       0 |      11 |   0.0 |   930
           D:7 |       0 |    1810 |   0.0 |       0 |      37 |   0.0 |  2183
           D:8 |       0 |    1863 |   0.0 |       0 |      15 |   0.0 |   645
               +---------+---------+-------+---------+---------+-------+---------
